 Dungeon Crawl Stone Soup version 0.30-a0-347-gf58ed5266c (webtiles) character file.

Game seed: 5382817539520816549

41 themarg the Covered (level 3, 0/33 HPs)
             Began as an Armataur Fighter on Nov 6, 2022.
             Slain by Sigmund
             ... wielding a +0 scythe
              (4 damage)
             ... on level 2 of the Dungeon.
             The game lasted 00:03:19 (1180 turns).

themarg the Covered (Armataur Fighter)              Turns: 1180, Time: 00:03:20

Health: 0/33       AC:  6    Str: 23    XL:     3   Next: 32%
Magic:  3/3        EV:  7    Int:  8    God:
Gold:   11         SH:  4    Dex:  9    Spells: 2/2 levels left

rFire   . . .      SeeInvis .    a - +0 rapier
rCold   . . .      Faith    .    c - +0 buckler
rNeg    . . .      Spirit   .    b - +0 scale mail
rPois   .          Reflect  .    (no helmet)
rElec   .          Harm     .    (no cloak)
rCorr   .          Roll     +    (no gloves)
Will    .....                    (no barding)
Stlth   ..........               (no amulet)
HPRegen 0.25/turn                (no ring)
MPRegen 0.08/turn                (no ring)

@: mighty
A: large, rugged brown scales 3, deformed body, armoured tail, roll, long
tongue, awkward tongue
a: no special abilities


You were on level 2 of the Dungeon.
You visited 1 branch of the dungeon, and saw 2 of its levels.

You collected 11 gold pieces.

Inventory:

Hand Weapons
 a - a +0 rapier (weapon)
Missiles
 f - 9 stones (quivered)
 k - 6 atropa-tipped darts
Armour
 b - a +0 scale mail (worn)
 c - a +0 buckler (worn)
Jewellery
 m - a ring of see invisible
Scrolls
 h - 2 scrolls of teleportation {unknown}
 j - 2 scrolls of identify {unknown}
 l - 3 scrolls of poison {unknown}
Potions
 e - a potion of degeneration {unknown}
 g - a potion of attraction {unknown}
 i - a potion of flight {unknown}


   Skills:
 * Level 3.4 Fighting
 + Level 2.0 Short Blades
 - Level 3.6 Armour
 + Level 2.2 Stealth
 - Level 3.2 Shields


You had 2 spell levels left.
You didn't know any spells.
Your spell library contained the following spells:

 Spells                   Type           Power      Damage    Failure   Level
 Freeze                   Ice            0%         1d3       80%         1
 Frozen Ramparts          Ice            0%         1d1       99%         3
 Hailstorm                Conj/Ice       0%         3d3       99%         3
 Tukima's Dance           Hex            0%         N/A       99%         3
 Passage of Golubria      Tloc           0%         N/A       100%        4
 Yara's Violent Unravell  Hex/Tmut       0%         3d3       100%        5


Dungeon Overview and Level Annotations

Branches:
Dungeon (2/15)

Altars:
Qazlal

Annotations:
D:2 Sigmund


Innate Abilities, Weirdness & Mutations

You are completely covered in rugged brown scales. (AC +3, +7% HP)
Armour fits poorly on your strangely shaped body.
You have a long armoured tail.
You roll when moving toward enemies. (Rampage)
Your long tongue fully drains potion bottles. (2x potion effects)
Your tongue gives you trouble enunciating. (1.5x scroll delay)


Message History

The frilled lizard bites you but does no damage.
You closely miss the frilled lizard.
The frilled lizard bites you but does no damage.
Sigmund shouts!
You miss the frilled lizard.
Your tail-slap misses the frilled lizard.
The frilled lizard closely misses you.
You hit the frilled lizard.
The frilled lizard is severely wounded.
Sigmund zaps a wand.
The roots erupt in riotous growth!
The frilled lizard is unaffected.
The grasping roots grab you! The grasping roots constrict you.
The frilled lizard barely misses you.
You closely miss the frilled lizard.
Your tail-slap misses the frilled lizard.
The frilled lizard is severely wounded.
The grasping roots constrict you.
The frilled lizard bites you but does no damage.
You closely miss the frilled lizard.
The frilled lizard is severely wounded.
Sigmund mumbles some strange words.
Sigmund flickers and vanishes!
Deactivating autopickup; reactivate with Ctrl-A.
You are constricted.
The frilled lizard bites you.
The grasping roots release their grip on you.
You barely miss the frilled lizard.
The frilled lizard is severely wounded.
The frilled lizard bites you.
You hit the frilled lizard.
You kill the frilled lizard!
Something hits you!
You aren't carrying any items that you can evoke.
You slurp down every last drop of the potion of might!
You feel very mighty all of a sudden. Something hits you but does no damage.
You closely miss something. Something hits you!
* * * LOW HITPOINT WARNING * * *
You barely miss something.
Your tail-slap misses something.
You miss something. Something hits you.
You die...

######## ......##### ##
##........# ..
#......##.# .#
........#.# .#
#.#...##.####.#####
#.##......@†?.....#
#.####.##.###.####.......
##.........###.# .#.....
.....##........# .. ....
.###.####...#### ... ...
...#.###.....## .l.. ..
.#.#.##.......## ..... .
.....#.........# ......
.....'.........+


There were no monsters in sight!

Vanquished Creatures
  An adder (D:2)
  A dart slug (D:1)
  3 endoplasms
  6 goblins
  A hobgoblin (D:1)
  A kobold (D:1)
  2 quokkas (D:1)
  5 ball pythons
  4 bats
  3 frilled lizards
  A rat (D:1)
28 creatures vanquished.

Notes
Turn   | Place    | Note
-------+----------+-------------------------------------------
     0 | D:1      | themarg the Armataur Fighter began the quest for the Orb.
     0 | D:1      | Reached XP level 1. HP: 19/19 MP: 1/1
   144 | D:1      | Reached skill level 1 in Stealth
   368 | D:1      | Reached XP level 2. HP: 27/27 MP: 2/2
   987 | D:2      | Reached XP level 3. HP: 31/33 MP: 3/3
  1105 | D:2      | Found a stormy altar of Qazlal.
  1159 | D:2      | Noticed Sigmund
  1180 | D:2      | Slain by Sigmund

Illustrated notes

Levels and vault maps discovered:
D:1:      co_arrival_random_square_maze, layout_loops_corners
D:2:      layout_loops_corners, basic_altar, serial_bayou_pond_d,
          kennysheep_cross_room, uniq_sigmund

Skill      XL: |  1  2  3 |
---------------+----------+-----
Stealth        | 1 2 |  2.2
Fighting       | 3 |  3.4
Short Blades   | 2 |  2.0
Armour         | |  3.6
Shields        | |  3.2

Action                   || total
-------------------------++-------
Melee: Rapier            ||   106
       Tailslap          ||    12
  Use: Potion            ||     1
Armor: Scale mail        ||    42
Dodge: Dodged            ||    35
Block: Buckler           ||    13

Table legend: (Time is in decaauts)
 A = Elapsed time spent in this place.
 B = Non-inter-level travel time spent in this place.
 C = Inter-level travel time spent in this place.
 D = Time resting spent in this place.
 E = Time spent auto-exploring this place.
 F = Levels seen in this place.
 G = Mean time per level.
                   A        B        C        D        E       F      G
               +--------+--------+--------+--------+--------+-----+--------+
         Total |   1194 |   1170 |     24 |     46 |    887 |   2 |  597.0 |
       Dungeon |   1194 |   1170 |     24 |     46 |    887 |   2 |  597.0 |
               +--------+--------+--------+--------+--------+-----+--------+

Top non-repeatable levels by time:
     D:1: 949 daAuts
     D:2: 245 daAuts
